[Event "Titled Tuesday Blitz November 2 2021"]
[White "Abdrlauf, Elham"]
[Black "Chernomordik, Pavel"]
[WhiteFideId "1533533"]
[BlackFideId "2804530"]
[WhiteElo "2362"]
[BlackElo "2281"]
[Result "1-0"]
[Round "01"]
[TimeControl "180+1"]
[Date "2021.11.02"]
[WhiteClock "0:01:17"]
[BlackClock "0:00:02"]

1. e4 g6 2. d4 Bg7 3. Nf3 d6 4. Be3 c5 5. Nc3 Qa5 6. Bb5+ Bd7 7. Bxd7+ Nxd7 8. O-O Ngf6 9. e5 Ng4 10. exd6 Nxe3 11. fxe3 exd6 12. Ne4 O-O 13. Qd3 c4 14. Qxc4 d5 15. Qc3 Qb6 16. Nf2 Rac8 17. Qb3 Qc7 18. c3 Nb6 19. e4 Nc4 20. exd5 Bh6 21. Rfe1 Qd7 22. Ne4 Qf5 23. Qc2 Be3+ 24. Kh1 Rfe8 25. b3 Rxe4 26. bxc4 Rxc4 27. Nd2 Bxd2 28. Rxe4 Bxc3 29. Re8+ Kg7 30. Qxf5 gxf5 31. Rd1 Bxd4 32. d6 Bb6 33. d7 f4 34. d8=Q Bxd8 35. Rexd8 Rc2 36. R8d2 Rc4 37. Rf2 Kg6 38. Rdf1 Kg5 39. Rf3 b5 40. g3 fxg3 41. Rxg3+ Kh6 42. Rf6+ Kh5 43. Rxf7 h6 44. Kg2 Rc2+ 45. Kh3 1-0


[Site "https://www.chess.com"]

[Event "Titled Tuesday Blitz November 2 2021"]
[White "Ahn, Hongjin"]
[Black "Paravyan, David"]
[WhiteFideId "13201492"]
[BlackFideId "4194985"]
[WhiteElo "1873"]
[BlackElo "2639"]
[Result "0-1"]
[Round "01"]
[TimeControl "180+1"]
[Date "2021.11.02"]
[WhiteClock "0:00:06"]
[BlackClock "0:00:08"]

1. e4 e5 2. Nf3 Nc6 3. Bc4 Nf6 4. d3 d5 5. exd5 Nxd5 6. O-O Be7 7. c3 Bg4 8. Nbd2 Qd7 9. h3 Be6 10. Ne4 f6 11. Bb3 O-O-O 12. Qe2 Rhe8 13. Rd1 Bf8 14. Qf1 Kb8 15. Be3 f5 16. Nc5 Bxc5 17. Bxc5 Nf4 18. d4 e4 19. Ne1 Qf7 20. g3 Bxb3 21. axb3 e3 22. fxe3 Nd5 23. Ng2 Nxe3 24. Nxe3 Rxe3 25. d5 Rxg3+ 26. Kh2 Rxd5 27. Rxd5 Qxd5 28. Kxg3 Qxc5 29. Re1 b5 30. b4 Qd6+ 31. Qf4 Qg6+ 32. Kh2 Kb7 33. Qf3 a6 34. Qd5 f4 35. Re6 Qg3+ 36. Kh1 Qxh3+ 37. Kg1 Qg3+ 38. Kf1 Qh3+ 39. Ke1 Qg3+ 40. Kd1 Qg1+ 41. Kc2 Qb6 42. Qf3 g5 43. Rh6 g4 44. Qxf4 g3 45. Qxg3 Nxb4+ 46. cxb4 Qxh6 47. Kb3 Qc6 48. Ka3 h6 49. Qh4 Qf3+ 50. b3 h5 51. Qd4 Qh1 52. Ka2 h4 53. Qf4 h3 54. Qe5 h2 55. Ka3 Kb8 56. Qe8+ Kb7 57. Qe5 Kb8 58. Qe8+ Ka7 59. Qe5 Qg2 60. Qxc7+ Qb7 61. Qc5+ Ka8 62. Qf8+ Qb8 63. Qf3+ Ka7 64. Qf2+ Kb7 65. Qg2+ Kc8 66. Qc6+ Kd8 67. Qf6+ Kd7 68. Qg7+ Kc6 69. Qh6+ Qd6 70. Qh3 Qe5 71. Qg2+ Kd6 72. Ka2 Ke6 73. Qc6+ Kf5 74. Qg2 Kf6 75. Qf3+ Ke6 76. Qc6+ Kf5 77. Qf3+ Kg5 78. Qg2+ Kh4 79. Qf2+ Qg3 80. Qf6+ Kh3 81. Qh6+ Kg2 82. Qc6+ Kg1 83. Qc1+ Kg2 84. Qc6+ Qf3 85. Qg6+ Kf1 86. Qb1+ Kf2 87. Ka3 a5 88. Qc2+ Kg3 89. Qc7+ Kg2 90. Qg7+ Kf1 91. Qa1+ Kf2 92. Qd4+ Kg3 93. Qe5+ Qf4 94. Qg7+ Kh4 95. Qh8+ Kg4 96. Qg7+ Kf3 97. Qc3+ Ke2 98. Qc2+ Ke1 99. Qb1+ Kd2 100. Qb2+ Kd3 101. Qb1+ Kd4 102. bxa5 Kd5 103. Qd3+ Kc6 104. Qg6+ Qd6+ 105. Qxd6+ Kxd6 106. Kb4 h1=Q 107. Kxb5 Qd5+ 108. Ka4 Kc6 109. b4 Qa2# 0-1


[Site "https://www.chess.com"]

[Event "Titled Tuesday Blitz November 2 2021"]
[White "Altman, Joshua"]
[Black "Rasulov, Vugar"]
[WhiteFideId "426210"]
[BlackFideId "13402390"]
[WhiteElo "1945"]
[BlackElo "2560"]
[Result "0-1"]
[Round "01"]
[TimeControl "180+1"]
[Date "2021.11.02"]
[WhiteClock "0:02:01"]
[BlackClock "0:02:11"]

1. d4 Nf6 2. c4 e6 3. Nf3 b6 4. g3 Bb4+ 5. Nbd2 c5 6. dxc5 Bxc5 7. Bg2 Bb7 8. O-O O-O 9. a3 a5 10. b3 d5 11. Bb2 Nbd7 12. Ne5 Nxe5 13. Bxe5 Ng4 14. Bb2 Rb8 15. h3 Nf6 16. Qc2 d4 17. Bxb7 Rxb7 18. Ne4 e5 19. Rad1 Rd7 20. Bc1 h6 21. Nxf6+ Qxf6 22. Qe4 Qe6 23. Kg2 f5 24. Qc2 e4 25. Bb2 d3 26. exd3 exd3 27. Qc3 Qe4+ 28. Kg1 f4 29. Rfe1 Qf3 0-1


[Site "https://www.chess.com"]

[Event "Titled Tuesday Blitz November 2 2021"]
[White "Andreikin, Dmitry"]
[Black "Avramidou, Anastasia"]
[WhiteFideId "4158814"]
[BlackFideId "4239873"]
[WhiteElo "2736"]
[BlackElo "2183"]
[Result "1-0"]
[Round "01"]
[TimeControl "180+1"]
[Date "2021.11.02"]
[WhiteClock "0:02:20"]
[BlackClock "0:01:48"]

1. d4 Nf6 2. c4 e6 3. Nf3 d5 4. g3 Be7 5. Bg2 O-O 6. O-O dxc4 7. Qc2 a6 8. a4 Nc6 9. Qxc4 Rb8 10. Nc3 Nb4 11. Rd1 Nbd5 12. Ne5 Nxc3 13. bxc3 b5 14. axb5 axb5 15. Qd3 Bd6 16. Nc6 Qd7 17. Nxb8 1-0


[Site "https://www.chess.com"]

[Event "Titled Tuesday Blitz November 2 2021"]
[White "Artemenko, Oleg"]
[Black "Gokerkan, Cem Kaan"]
[WhiteFideId "14201798"]
[BlackFideId "6336760"]
[WhiteElo "2287"]
[BlackElo "2382"]
[Result "1-0"]
[Round "01"]
[TimeControl "180+1"]
[Date "2021.11.02"]
[WhiteClock "0:00:20"]
[BlackClock "0:00:05"]

1. d4 Nf6 2. Nc3 d5 3. Bf4 e6 4. Nb5 Na6 5. e3 c6 6. Nc3 Nc7 7. a3 Bd6 8. Nf3 O-O 9. Ne5 c5 10. Bd3 b5 11. O-O b4 12. axb4 cxb4 13. Ne2 a5 14. Ng3 a4 15. Nh5 Nce8 16. Ng3 a3 17. bxa3 bxa3 18. Qd2 Ba6 19. Bxa6 Rxa6 20. Rfb1 Nc7 21. Qd3 Qa8 22. c4 dxc4 23. Qxc4 Ncd5 24. Ne2 Rc8 25. Qd3 Rb8 26. Rf1 a2 27. Bg3 Nb4 28. Qd2 Ne4 29. Qd1 Nxg3 30. Nxg3 Bxe5 31. dxe5 Rc8 32. Qg4 Nd5 33. Nh5 g6 34. e4 Ra4 35. Nf6+ Nxf6 36. exf6 h6 37. f3 Qa7+ 38. Kh1 Qd4 39. Qf4 g5 40. Qg3 Qxf6 41. f4 Rxe4 42. fxg5 Qxg5 43. Qf3 Qg6 44. Rxa2 Rec4 45. Raf2 Rc1 46. h3 Rxf1+ 47. Rxf1 Rf8 48. Qe3 f5 49. Qe5 Qf6 50. Qg3+ Kh7 51. Qd3 Rf7 52. g4 Qg6 53. gxf5 exf5 54. Rg1 Qc6+ 55. Kh2 Qc7+ 56. Kh1 Qb7+ 57. Kh2 Qb8+ 58. Kh1 Qa8+ 59. Kh2 Qe4 60. Qg3 Qe2+ 61. Rg2 Qxg2+ 62. Qxg2 f4 63. Qe4+ Kg7 64. Kg2 Rf6 65. Kf3 Rf7 66. h4 Rf6 67. h5 Kf7 68. Qd5+ Ke7 69. Qg8 Kd6 70. Qg7 Ke6 71. Qc7 Kd5 72. Qe7 Re6 73. Qg7 Re3+ 74. Kxf4 Re6 75. Kf5 Kd6 76. Qf8+ Kd7 77. Qf7+ Re7 78. Qd5+ Ke8 79. Kf6 Re1 80. Qb5+ Kd8 81. Qa5+ 1-0


[Site "https://www.chess.com"]

[Event "Titled Tuesday Blitz November 2 2021"]
[White "Aslanov, Umid"]
[Black "Hansen, Eric"]
[WhiteFideId "13412620"]
[BlackFideId "2606771"]
[WhiteElo "1796"]
[BlackElo "2568"]
[Result "0-1"]
[Round "01"]
[TimeControl "180+1"]
[Date "2021.11.02"]
[WhiteClock "0:00:14"]
[BlackClock "0:00:24"]

1. e4 c5 2. Nf3 e6 3. d4 cxd4 4. Nxd4 a6 5. Bd3 Qb6 6. Nb3 Qc7 7. O-O d6 8. c4 Nf6 9. Nc3 b6 10. Qe2 Bb7 11. f4 Nbd7 12. Be3 Be7 13. Bd4 h5 14. e5 dxe5 15. fxe5 Ng4 16. Rae1 Nc5 17. Nxc5 Bxc5 18. Bxc5 Qxc5+ 19. Kh1 Rd8 20. Rf4 Qxe5 21. Qf1 Ne3 22. Rxe3 Qxe3 23. Rxf7 Qxd3 24. Qxd3 Rxd3 25. Rxb7 O-O 26. h3 Rf1+ 27. Kh2 Rf2 28. Ne4 Rxb2 29. Ng5 g6 30. Nxe6 Rd6 31. Ng5 Rdd2 32. Rb8+ Kg7 33. Rb7+ Kf8 34. Nh7+ Ke8 35. Nf6+ Kd8 36. Kg3 Rxg2+ 37. Kf4 Rbf2+ 38. Ke5 Rf5+ 39. Ke6 Re2+ 40. Kf7 Ref2 41. Rxb6 g5 42. Rxa6 g4 43. hxg4 hxg4 44. Ra8+ Kc7 45. Rg8 Rxf6+ 46. Ke7 R6f4 47. c5 Re2# 0-1


[Site "https://www.chess.com"]

[Event "Titled Tuesday Blitz November 2 2021"]
[White "Babiy, Olga"]
[Black "Bortnyk, Olexandr"]
[WhiteFideId "14117258"]
[BlackFideId "14120828"]
[WhiteElo "2192"]
[BlackElo "2723"]
[Result "0-1"]
[Round "01"]
[TimeControl "180+1"]
[Date "2021.11.02"]
[WhiteClock "0:00:11"]
[BlackClock "0:00:35"]

1. Nf3 Nf6 2. d4 d6 3. Nbd2 Bg4 4. e4 e5 5. d5 Be7 6. h3 Bxf3 7. Qxf3 c6 8. g4 cxd5 9. Bb5+ Nbd7 10. exd5 O-O 11. g5 e4 12. Qb3 Nc5 13. Qc4 Nfd7 14. Bxd7 Qxd7 15. Nxe4 Nxe4 16. Qxe4 Bxg5 17. Be3 Bxe3 18. fxe3 Rfe8 19. Qd3 Qa4 20. O-O-O Qxa2 21. Qd4 Rac8 22. Rhg1 g6 23. Rg4 Rc5 24. Qa4 Qxa4 25. Rxa4 a5 26. e4 Kg7 27. Rad4 b5 28. Kd2 Re5 29. c3 Rh5 30. Rd3 Rc4 31. Re1 Kf6 32. Rf3+ Ke7 33. Kd3 Rc7 34. Ref1 Ke8 35. Rf6 Rd7 36. R1f3 a4 37. R6f4 Re5 38. Kd4 Rc7 39. Kd3 Rce7 40. Rf1 f5 41. exf5 Rxd5+ 42. Rd4 Rxf5 43. Rxf5 gxf5 44. Rxd6 Rd7 45. Rxd7 Kxd7 46. Ke3 Ke6 47. Kf4 Kf6 48. h4 h5 49. Kf3 Ke5 50. Ke3 f4+ 51. Kf3 Kf5 0-1


[Site "https://www.chess.com"]

[Event "Titled Tuesday Blitz November 2 2021"]
[White "Barrionuevo, Pablo"]
[Black "Demidov, Mikhail"]
[WhiteFideId "110566"]
[BlackFideId "4197143"]
[WhiteElo "2250"]
[BlackElo "2527"]
[Result "1-0"]
[Round "01"]
[TimeControl "180+1"]
[Date "2021.11.02"]
[WhiteClock "0:00:32"]
[BlackClock "0:00:10"]

1. c4 g6 2. g3 Bg7 3. Bg2 d6 4. Nc3 Nd7 5. e4 e5 6. Nge2 h5 7. h3 Nc5 8. d3 Nh6 9. b4 Ne6 10. Be3 a5 11. b5 f5 12. Qd2 h4 13. Nd5 hxg3 14. fxg3 Nf7 15. exf5 gxf5 16. O-O Nh6 17. Rae1 Bd7 18. a4 Kf8 19. d4 Kg8 20. dxe5 dxe5 21. Bxh6 Rxh6 22. Rxf5 Nf4 23. Rxf4 exf4 24. Nexf4 c6 25. Ne7+ Kh8 26. Nfg6+ Kh7 27. Be4 Qb6+ 28. Re3 Bd4 29. Kg2 Bxh3+ 30. Kh2 Bf1+ 31. Nh4+ Kh8 32. Rf3 Bxc4 33. Qxh6# 1-0


[Site "https://www.chess.com"]

[Event "Titled Tuesday Blitz November 2 2021"]
[White "Boros, Denes"]
[Black "Obolentseva, Alexandra"]
[WhiteFideId "722340"]
[BlackFideId "24153648"]
[WhiteElo "2464"]
[BlackElo "2113"]
[Result "1-0"]
[Round "01"]
[TimeControl "180+1"]
[Date "2021.11.02"]
[WhiteClock "0:00:49"]
[BlackClock "0:00:35"]

1. d4 Nf6 2. Nc3 g6 3. Bf4 Bg7 4. Qd2 d6 5. Nf3 Bf5 6. h3 Ne4 7. Nxe4 Bxe4 8. Ng5 Bf5 9. e4 Bd7 10. Bc4 O-O 11. O-O-O b5 12. Bd5 c6 13. Bb3 a5 14. a3 Na6 15. e5 dxe5 16. dxe5 Nc5 17. Bxf7+ Rxf7 18. Nxf7 Kxf7 19. Be3 Ne4 20. Qxd7 Qxd7 21. Rxd7 Bxe5 22. Re1 Nf6 23. Rb7 Bd6 24. Bd4 Nd5 25. a4 bxa4 26. Kb1 a3 27. c4 Nb4 28. bxa3 Nd3 29. Re3 Nc5 30. Bxc5 Bxc5 31. Rd3 Rc8 32. Kc2 Ke6 33. f3 Bd6 34. Ra7 Bc7 35. Ra6 Bd8 36. c5 Ke5 37. Kc3 Kf4 38. g4 e5 39. Kc4 e4 40. fxe4 Kxe4 41. Rd6 Kf4 1-0


[Site "https://www.chess.com"]

[Event "Titled Tuesday Blitz November 2 2021"]
[White "Devaev, Alexander"]
[Black "Shankland, Sam"]
[WhiteFideId "4169395"]
[BlackFideId "2004887"]
[WhiteElo "2185"]
[BlackElo "2660"]
[Result "0-1"]
[Round "01"]
[TimeControl "180+1"]
[Date "2021.11.02"]
[WhiteClock "0:00:19"]
[BlackClock "0:02:20"]

1. d4 d5 2. c4 c6 3. cxd5 cxd5 4. Nc3 Nf6 5. Bf4 Nc6 6. e3 a6 7. Bd3 Bg4 8. f3 Bh5 9. Nge2 e6 10. O-O Bd6 11. Rc1 O-O 12. Na4 e5 13. Bg5 Re8 14. Nc5 Qe7 15. Qd2 h6 16. Bxf6 Qxf6 17. Nxb7 Bb4 18. Qc2 Rac8 19. Bxa6 exd4 20. exd4 Nxd4 21. Nxd4 Rxc2 22. Nxc2 Qxa6 23. Nxb4 Qxb7 24. Nxd5 Qxd5 0-1


[Site "https://www.chess.com"]

[Event "Titled Tuesday Blitz November 2 2021"]
[White "Dmitrenko, Viktor"]
[Black "Sorokin, Aleksey"]
[WhiteFideId "14110270"]
[BlackFideId "24176460"]
[WhiteElo "2294"]
[BlackElo "2476"]
[Result "0-1"]
[Round "01"]
[TimeControl "180+1"]
[Date "2021.11.02"]
[WhiteClock "0:00:05"]
[BlackClock "0:00:14"]

1. b3 e5 2. Bb2 Nc6 3. e3 d5 4. Bb5 Bd6 5. f4 f6 6. Nh3 Nh6 7. fxe5 Bg4 8. Be2 Nxe5 9. Nf4 Bxe2 10. Qxe2 c6 11. Qh5+ Kd7 12. Qh3+ Ke7 13. Qe6+ Kf8 14. O-O Qe7 15. Qh3 Re8 16. Nc3 Qd7 17. Qh5 Qg4 18. Nce2 Qxh5 19. Nxh5 Kf7 20. h3 Rhf8 21. a4 Ng8 22. Nd4 g6 23. Nf4 a6 24. a5 Re7 25. Rf2 Rfe8 26. Raf1 Bb4 27. Ra1 Bd6 28. Raf1 Nd7 29. Nd3 Nc5 30. Nxc5 Bxc5 31. Nf3 Kg7 32. Bc3 Bd6 33. Nd4 Be5 34. g4 Nh6 35. Ne2 Bxc3 36. Nxc3 f5 37. gxf5 Nxf5 38. Ne2 Re4 39. Kh2 R8e7 40. c3 c5 41. Ng3 Nxg3 42. Kxg3 d4 43. exd4 cxd4 44. Rf3 R4e5 45. b4 Rg5+ 46. Kh2 dxc3 47. dxc3 h5 48. R1f2 Rge5 49. Rd3 Kh6 50. Rd6 Rg5 51. Rg2 Rxg2+ 52. Kxg2 Rc7 53. Rb6 Kg5 54. c4 Rxc4 55. Rxb7 Kh4 56. Rb6 g5 57. Rxa6 Rxb4 58. Rg6 Rb2+ 59. Kf3 Rh2 60. a6 Rxh3+ 61. Ke4 Ra3 62. Kf5 g4 63. Kf4 g3 0-1


[Site "https://www.chess.com"]

[Event "Titled Tuesday Blitz November 2 2021"]
[White "Wagner, Dinara"]
[Black "Martinez Alcantara, Jose Eduardo"]
[WhiteFideId "24157570"]
[BlackFideId "3805662"]
[WhiteElo "2216"]
[BlackElo "2690"]
[Result "0-1"]
[Round "01"]
[TimeControl "180+1"]
[Date "2021.11.02"]
[WhiteClock "0:00:06"]
[BlackClock "0:00:25"]

1. d4 Nf6 2. c4 e6 3. Nf3 Bb4+ 4. Bd2 Qe7 5. g3 Bxd2+ 6. Qxd2 Nc6 7. a3 d5 8. Bg2 O-O 9. O-O dxc4 10. Qc3 Rd8 11. Nbd2 Nd5 12. Qxc4 Nb6 13. Qc3 Nd5 14. Qc4 Bd7 15. Rac1 Be8 16. Rfd1 a5 17. Qc2 a4 18. Nc4 Na5 19. Nxa5 Rxa5 20. e4 Nf6 21. Qxc7 Qxc7 22. Rxc7 Rb5 23. e5 Nd5 24. Rc2 Ne7 25. g4 Bc6 26. h3 h6 27. Kh2 Rb3 28. Ne1 Bxg2 29. Kxg2 Nc6 30. Nf3 Rd5 31. Rdd2 Kf8 32. Rc4 Ra5 33. Ne1 Rd5 34. Nd3 Rbb5 35. Rxa4 Rxd4 36. Rxd4 Nxd4 37. b4 Nc6 38. f4 g5 39. fxg5 hxg5 40. Nc5 Nxe5 41. Nd7+ Ke7 42. Nxe5 Rxe5 43. Kf3 f5 44. gxf5 exf5 45. Rd3 Re6 46. Rd2 Rh6 47. Kg3 Rc6 48. Rd3 Ke6 49. Re3+ Kd6 50. Rd3+ Ke6 51. Re3+ Kf6 52. Rd3 Re6 53. Kf3 b6 54. Rc3 Rd6 55. a4 Ke5 56. a5 Rh6 57. Kg3 Kd4 58. Rf3 Ke4 59. Ra3 b5 60. a6 Rh8 61. a7 Ra8 62. Ra5 f4+ 63. Kf2 Kd4 64. Rxb5 Rxa7 65. Rxg5 Ke4 66. Rc5 Ra2+ 67. Kf1 Rb2 68. Rc4+ Ke3 69. Kg1 Rb1+ 70. Kg2 f3+ 71. Kg3 Rg1+ 72. Kh2 f2 73. Rc3+ Kd4 74. Rf3 f1=Q 75. Rxf1 Rxf1 76. Kg3 Rb1 77. Kh4 Ke5 78. Kg5 Ke6 79. h4 Kf7 80. h5 Kg8 81. h6 Rxb4 82. Kg6 Kh8 83. Kf6 Rb6+ 84. Kg5 Kh7 85. Kh5 Rg6 86. Kh4 Kxh6 0-1


[Site "https://www.chess.com"]

[Event "Titled Tuesday Blitz November 2 2021"]
[White "Findlay, Ian T."]
[Black "Savchenko, Boris"]
[WhiteFideId "2600226"]
[BlackFideId "4147332"]
[WhiteElo "2267"]
[BlackElo "2526"]
[Result "0-1"]
[Round "01"]
[TimeControl "180+1"]
[Date "2021.11.02"]
[WhiteClock "0:02:31"]
[BlackClock "0:02:27"]

1. e4 c5 2. Nf3 d6 3. d4 cxd4 4. Nxd4 Nf6 5. Nc3 a6 6. h3 e5 7. Nb3 Be6 8. f4 Nbd7 9. f5 Bxb3 10. axb3 d5 11. exd5 Bb4 12. g4 Ne4 13. Qd3 Qh4+ 0-1


[Site "https://www.chess.com"]

[Event "Titled Tuesday Blitz November 2 2021"]
[White "Jobava, Baadur"]
[Black "Vovk, Orest"]
[WhiteFideId "13601520"]
[BlackFideId "14113490"]
[WhiteElo "2731"]
[BlackElo "2203"]
[Result "1-0"]
[Round "01"]
[TimeControl "180+1"]
[Date "2021.11.02"]
[WhiteClock "0:00:40"]
[BlackClock "0:00:02"]

1. e4 g5 2. d4 h6 3. c3 Bg7 4. Bd3 d6 5. Ne2 c5 6. O-O Nc6 7. Be3 cxd4 8. cxd4 Nf6 9. f3 e5 10. Nbc3 O-O 11. d5 Ne7 12. Rc1 Ng6 13. Kh1 Nh5 14. g3 Bh3 15. Rg1 g4 16. fxg4 Bxg4 17. Qf1 f5 18. exf5 Qd7 19. Qg2 Bxf5 20. Bxf5 Rxf5 21. Rgf1 Raf8 22. Kg1 Rxf1+ 23. Rxf1 Rxf1+ 24. Qxf1 Qg4 25. Bxa7 Nhf4 26. Be3 Nh3+ 27. Kh1 Ng5 28. Bxg5 hxg5 29. h3 Qc4 30. Qf5 Nf8 31. b3 Qc5 32. Kg2 b5 33. Qd3 b4 34. Ne4 Qb6 35. Nxg5 Nd7 36. Qh7+ Kf8 37. Ne6+ Ke8 38. Qg6+ Ke7 39. Qxg7+ Ke8 40. Qg8+ Ke7 41. Ng7 Qe3 42. Nf5+ Kf6 43. Nxe3 1-0


[Site "https://www.chess.com"]

[Event "Titled Tuesday Blitz November 2 2021"]
[White "Kovalenko, Igor"]
[Black "Slugin, Sergey"]
[WhiteFideId "14117908"]
[BlackFideId "4122569"]
[WhiteElo "2629"]
[BlackElo "2358"]
[Result "1-0"]
[Round "01"]
[TimeControl "180+1"]
[Date "2021.11.02"]
[WhiteClock "0:01:36"]
[BlackClock "0:01:18"]

1. e4 e5 2. Nf3 Nc6 3. Bb5 a6 4. Ba4 Nf6 5. O-O Be7 6. d3 b5 7. Bb3 O-O 8. Bd2 d6 9. h3 h6 10. Re1 Be6 11. Bxe6 fxe6 12. a4 b4 13. a5 Rb8 14. c3 Qe8 15. d4 Nh5 16. Be3 Nf4 17. Bxf4 Rxf4 18. Nbd2 Qg6 19. Qe2 bxc3 20. bxc3 exd4 21. cxd4 Nb4 22. Qc4 c5 23. dxc5 dxc5 24. Ra3 Rd8 25. Rae3 Qh5 26. Nf1 Qf7 27. Ng3 Qf8 28. Qxe6+ Qf7 29. Qxf7+ Rxf7 30. R1e2 Rc8 31. Ne5 Rff8 32. Nc4 Rfd8 33. Nf5 Bg5 34. Rg3 Rd1+ 35. Kh2 Bf4 36. Ne7+ Kf7 37. Nxc8 Bxg3+ 38. Kxg3 Rc1 39. N8b6 Ke6 40. f4 1-0


[Site "https://www.chess.com"]

[Event "Titled Tuesday Blitz November 2 2021"]
[White "Krasilnikov, Evgeni"]
[Black "Terry, Renato"]
[WhiteFideId "4139739"]
[BlackFideId "3803457"]
[WhiteElo "2295"]
[BlackElo "2577"]
[Result "0-1"]
[Round "01"]
[TimeControl "180+1"]
[Date "2021.11.02"]
[WhiteClock "0:00:49"]
[BlackClock "0:02:01"]

1. e4 e6 2. d4 d5 3. exd5 exd5 4. Nf3 Nc6 5. Bb5 Bd6 6. c4 dxc4 7. d5 a6 8. Ba4 b5 9. dxc6 bxa4 10. Qxa4 Ne7 11. O-O O-O 12. Qxc4 Be6 13. Qh4 Nxc6 14. Bg5 f6 15. Be3 Rb8 16. b3 Rb4 17. Qh5 g6 18. Qh6 Re8 19. Bd2 Re4 20. Bc3 Bf4 21. Qh4 g5 22. Qh6 g4 23. Bxf6 Bxh6 24. Bxd8 Rxd8 0-1


[Site "https://www.chess.com"]

[Event "Titled Tuesday Blitz November 2 2021"]
[White "Lashkin, Jegor"]
[Black "Popadic, Dragan"]
[WhiteFideId "13907808"]
[BlackFideId "913650"]
[WhiteElo "2293"]
[BlackElo "2207"]
[Result "1/2-1/2"]
[Round "01"]
[TimeControl "180+1"]
[Date "2021.11.02"]
[WhiteClock "0:00:07"]
[BlackClock "0:00:20"]

1. d4 Nf6 2. Nf3 g6 3. c4 Bg7 4. Nc3 d6 5. e4 O-O 6. Be2 e5 7. Be3 Na6 8. O-O Ng4 9. Bg5 Qe8 10. h3 f6 11. Bc1 Nh6 12. Re1 c6 13. Bf1 Nf7 14. Rb1 Qe7 15. b4 Nc7 16. a4 Bd7 17. b5 Ne6 18. Ba3 c5 19. Nd5 Qd8 20. dxc5 dxc5 21. Qd2 b6 22. a5 Re8 23. Ra1 Nd4 24. Qd3 Be6 25. Nd2 Nd6 26. Bb2 Bxd5 27. exd5 f5 28. Bxd4 exd4 29. Re6 Qd7 30. Rae1 bxa5 31. Nb3 Qc7 32. Qg3 Rxe6 33. Rxe6 Rd8 34. Nxa5 Qxa5 35. Rxd6 Rxd6 36. Qxd6 Qe1 37. Qb8+ Bf8 38. d6 Qe6 39. Qxa7 Qxd6 40. b6 d3 41. b7 d2 42. b8=Q Qxb8 43. Qxb8 d1=Q 44. Qe5 Qd6 45. Qe2 Qd4 46. g3 Bd6 47. Kh2 Be5 48. Bg2 Kg7 49. Bd5 Qb2 50. Qf3 Bd4 51. Kg2 Qd2 52. Bc6 h5 53. h4 Kh6 54. Be8 Kg7 55. Bc6 Kh6 56. Bd5 Kg7 57. Bc6 1/2-1/2


[Site "https://www.chess.com"]

[Event "Titled Tuesday Blitz November 2 2021"]
[White "Lazavik, Denis"]
[Black "Brunner, Nicolas"]
[WhiteFideId "13515110"]
[BlackFideId "620246"]
[WhiteElo "2436"]
[BlackElo "2372"]
[Result "1/2-1/2"]
[Round "01"]
[TimeControl "180+1"]
[Date "2021.11.02"]
[WhiteClock "0:00:09"]
[BlackClock "0:00:24"]

1. d4 Nf6 2. c4 e6 3. Nf3 b6 4. g3 Ba6 5. b3 c6 6. Bg2 d5 7. Qc2 Nbd7 8. O-O Bd6 9. Nbd2 O-O 10. e4 dxe4 11. Ng5 Rc8 12. Ngxe4 Be7 13. Bb2 c5 14. dxc5 Nxc5 15. Rad1 Qc7 16. Nxf6+ Bxf6 17. Bxf6 gxf6 18. Qc3 f5 19. Qf6 Qd8 20. Qh6 Qe7 21. Nf3 Bb7 22. Rfe1 Ne4 23. Ng5 Qxg5 24. Qxg5+ Nxg5 25. Bxb7 Rc7 26. Bg2 h6 27. Re5 Kg7 28. a4 Kf6 29. Rb5 Ke7 30. a5 bxa5 31. Rxa5 Rb8 32. Rd3 Ne4 33. Bxe4 fxe4 34. Re3 f5 35. g4 Kf6 36. gxf5 exf5 37. Rh3 Kg5 38. Rg3+ Kf4 39. Kg2 Rcb7 40. Rg6 Rxb3 41. Rxh6 Rg8+ 42. Kf1 Rb1+ 43. Ke2 Rb2+ 44. Kf1 Rb1+ 45. Ke2 Rb2+ 46. Kf1 Rb1+ 1/2-1/2


[Site "https://www.chess.com"]

[Event "Titled Tuesday Blitz November 2 2021"]
[White "Lehtosaari, Mauri"]
[Black "Pridorozhni, Aleksei"]
[WhiteFideId "501999"]
[BlackFideId "4127870"]
[WhiteElo "2446"]
[BlackElo "2565"]
[Result "0-1"]
[Round "01"]
[TimeControl "180+1"]
[Date "2021.11.02"]
[WhiteClock "0:00:07"]
[BlackClock "0:00:59"]

1. d4 d5 2. Nf3 c6 3. Bg5 Qb6 4. Qc1 Bf5 5. Nbd2 Nd7 6. e3 e6 7. c4 c5 8. cxd5 exd5 9. Be2 Ngf6 10. O-O Rc8 11. a4 c4 12. a5 Qe6 13. Nb1 Ne4 14. Bf4 Bd6 15. Bxd6 Qxd6 16. Nc3 O-O 17. Nd2 Nxc3 18. bxc3 Nf6 19. Qa3 Rc6 20. Qxd6 Rxd6 21. Bf3 Bd3 22. Rfe1 Re8 23. h3 g6 24. Be2 Rc6 25. Nf3 Bxe2 26. Rxe2 Ne4 27. Ra3 b5 28. axb6 Rxb6 29. Nd2 Nd6 30. Rxa7 Nb5 31. Ra1 Nxc3 32. Ree1 Rb2 33. Nf3 Reb8 34. Ne5 R8b7 35. g4 f6 36. Nf3 Ne4 37. Rf1 c3 38. Ra8+ Kg7 39. Rc8 Rb1 40. Kg2 Rxf1 41. Kxf1 Rb1+ 42. Kg2 Rb2 43. Rc7+ Kf8 44. Ne1 Rxf2+ 45. Kg1 Re2 46. Ng2 c2 47. Kf1 Rf2+ 48. Kg1 Rd2 49. Kh2 Ke8 50. h4 h5 51. gxh5 gxh5 52. Kh3 Kd8 53. Rc6 Kd7 0-1


[Site "https://www.chess.com"]

[Event "Titled Tuesday Blitz November 2 2021"]
[White "Mikhailovsky, Vladimir"]
[Black "Shvedova, Alexandra"]
[WhiteFideId "34105414"]
[BlackFideId "54154782"]
[WhiteElo "2402"]
[BlackElo "1920"]
[Result "0-1"]
[Round "01"]
[TimeControl "180+1"]
[Date "2021.11.02"]
[WhiteClock "0:00:01"]
[BlackClock "0:00:22"]

1. e4 e5 2. Nf3 Nc6 3. d4 exd4 4. Nxd4 Bc5 5. Nb3 Bb6 6. Nc3 Nf6 7. Bd3 d6 8. Bg5 h6 9. Bh4 g5 10. Bg3 Be6 11. Qd2 Qe7 12. O-O-O O-O-O 13. f3 Ne5 14. Rhe1 Nxd3+ 15. Qxd3 Nh5 16. Nd5 Bxd5 17. exd5 Qd7 18. Re4 f5 19. Re6 Ng7 20. Re2 Rhe8 21. Rde1 f4 22. Qg6 fxg3 23. hxg3 Rxe2 24. Rxe2 Nf5 25. g4 Nd4 26. Nxd4 Bxd4 27. Qxh6 Bxb2+ 28. Kd2 Qa4 29. Re4 Qa5+ 30. Ke2 Qxd5 31. Qg6 Bc1 32. Re8 Qb5+ 0-1


[Site "https://www.chess.com"]

[Event "Titled Tuesday Blitz November 2 2021"]
[White "Muradli, Mahammad"]
[Black "Shevtchenko, Olesya"]
[WhiteFideId "13409301"]
[BlackFideId "24131890"]
[WhiteElo "2474"]
[BlackElo "2003"]
[Result "1-0"]
[Round "01"]
[TimeControl "180+1"]
[Date "2021.11.02"]
[WhiteClock "0:00:05"]
[BlackClock "0:00:02"]

1. d4 Nf6 2. c4 c5 3. d5 b5 4. cxb5 a6 5. bxa6 g6 6. Nc3 Bg7 7. e4 Qa5 8. Bd2 Bxa6 9. Bxa6 Qxa6 10. f3 O-O 11. Nge2 d6 12. O-O Nbd7 13. b3 Rfc8 14. Qc2 Ne8 15. Rab1 Nc7 16. a4 Rab8 17. Kh1 Ne5 18. Be3 Nd3 19. Rfd1 Nb4 20. Qd2 Rb7 21. f4 Rcb8 22. e5 Nbxd5 23. Nxd5 Nxd5 24. Qxd5 Qxe2 25. Bg1 c4 26. exd6 exd6 27. b4 Rxb4 28. Rxb4 Rxb4 29. Qxd6 Bf8 30. Qd8 Rb2 31. Qd5 c3 32. Rc1 Rd2 33. Qc6 c2 34. a5 Qd1 35. Rxd1 cxd1=Q 36. a6 Qa1 37. a7 Ra2 38. Qb7 Ra6 39. h3 Qa4 40. Qb8 Qa1 41. Kh2 Qa4 42. Bc5 Kg7 43. Qxf8+ Kf6 44. Qe7+ Kg7 45. Qe5+ f6 46. Qe7+ Kh6 47. Qf8+ Kh5 48. Qb8 Re6 49. g4+ Kh4 50. Bf2# 1-0


[Site "https://www.chess.com"]

[Event "Titled Tuesday Blitz November 2 2021"]
[White "Nakamura, Hikaru"]
[Black "Nguyen Hong Nhung"]
[WhiteFideId "2016192"]
[BlackFideId "12412201"]
[WhiteElo "2884"]
[BlackElo "1661"]
[Result "1-0"]
[Round "01"]
[TimeControl "180+1"]
[Date "2021.11.02"]
[WhiteClock "0:01:44"]
[BlackClock "0:00:07"]

1. Nf3 f5 2. d3 Nf6 3. e4 d6 4. exf5 Bxf5 5. d4 Nc6 6. Bd3 Qd7 7. O-O O-O-O 8. c4 e5 9. Bxf5 Qxf5 10. d5 Nb4 11. Nc3 Kb8 12. a3 Nc2 13. Ra2 g5 14. b4 g4 15. Nh4 Qh5 16. Rxc2 Qxh4 17. Be3 Rg8 18. c5 Bh6 19. c6 Bxe3 20. fxe3 g3 21. h3 Ne4 22. Qd3 Nxc3 23. Rxc3 Rdf8 24. Rcc1 Rf2 25. Qb5 Kc8 26. Qxb7+ Kd8 27. Qb8+ Ke7 28. Qxc7+ Ke8 29. Qd7+ Kf8 30. c7 Qe7 31. c8=Q+ 1-0


[Site "https://www.chess.com"]